Canadiens vs MapleLeafs (R4)

Created - 13 novembre 2020 at 20:26

Goals
1 2 3 T
Canadiens 3 2 1 6
MapleLeafs 0 0 1 1
Shots
1 2 3 T
Canadiens 9 12 11 32
MapleLeafs 9 7 13 29

1st period

1. Canadiens , Josh Morrissey 2 (Jakob Silfverberg 3, Nate Schmidt 4) at 2:32 (PP)
2. Canadiens , Jakob Silfverberg 3 (Ivan Provorov 4, Cam Fowler 5) at 10:07
3. Canadiens , Patrick Kane 2 (Teuvo Teravainen 5) at 11:18

Penalties :
Mike Matheson (TOR) for Hooking (Minor) at 2:04, Derrick Pouliot (TOR) for Holding (Minor) at 3:22, David Krejci (MTL) for Boarding (Minor) at 15:13

2nd period

4. Canadiens , Nate Schmidt 1 (Josh Morrissey 4, Jakob Silfverberg 4) at 6:30 (PP)
5. Canadiens , Josh Morrissey 3 (Patrick Kane 3, Auston Matthews 2) at 9:02

Penalties :
Leo Komarov (TOR) for Roughing (Minor) at 5:45, Ondrej Palat (TOR) for Interference (Minor) at 9:52, Colin White (MTL) for Roughing (Minor) at 12:00, David Krejci (MTL) for Hooking (Minor) at 15:19

3rd period

6. MapleLeafs , Leo Komarov 1 (Jack Hughes 1, Mike Matheson 2) at 3:29
7. Canadiens , Teuvo Teravainen 4 (Patrick Kane 4, Travis Sanheim 1) at 8:44

Penalties :
Derrick Pouliot (TOR) for Hooking (Minor) at 4:45, Kyle Okposo (TOR) for Holding (Minor) at 9:44

Goalie Stats

Tuukka Rask (MTL), 28 saves from 29 shots - (0,966), W, 2-2-0, 60:00 minutes
Braden Holtby (TOR), 17 saves from 19 shots - (0,895), 33:30 minutes
Jimmy Howard (TOR), 9 saves from 13 shots - (0,692), L, 1-5-0, 26:30 minutes

Players Stats for Canadiens

Player Name              G  A  P  +/- PIM S  H  SB GA TA FO     MP     PP MP  PK MP  
------------------------------------------------------------------------------------
Artturi Lehkonen         0  0  0   0  0   2  1  0  0  0  0/7    11:56   0:00   2:39 
Auston Matthews          0  1  1   2  0   0  4  0  0  0  12/24  20:47   3:39   0:43 
Cam Fowler               0  1  1   0  0   3  1  3  0  0  0/0    24:04   3:53   2:51 
Colin White              0  0  0   0  2   0  0  0  0  0  9/11    9:16   0:00   0:00 
Danny DeKeyser           0  0  0   1  0   1  3  2  0  0  0/0    14:03   0:00   3:06 
David Krejci             0  0  0   1  4   1  0  0  0  0  19/32  20:18   5:30   0:00 
Ilya Kovalchuk           0  0  0   1  0   1  2  0  0  0  0/0    20:20   5:30   0:00 
Ivan Provorov            0  1  1   0  0   3  1  2  0  0  0/0    24:19   3:53   3:06 
Jakob Silfverberg        1  2  3   1  0   7  2  0  0  0  2/5    22:23   5:30   2:03 
Josh Morrissey           2  1  3   1  0   4  0  1  0  0  0/0    16:13   5:16   0:00 
Loui Eriksson            0  0  0   0  0   0  1  0  0  0  1/1     7:40   0:00   3:18 
Nate Schmidt             1  1  2   2  0   3  1  2  0  0  0/0    24:44   5:16   2:51 
Nick Shore               0  0  0   0  0   1  0  0  0  0  8/12    7:33   0:00   3:11 
Patrick Kane             1  2  3   2  0   4  3  0  0  0  1/2    20:04   3:39   0:00 
Teuvo Teravainen         1  1  2   2  0   2  1  0  0  0  0/2    20:04   3:39   0:00 
Travis Sanheim           0  1  1   2  0   0  0  1  0  0  0/0    16:37   0:00   0:00 
Tyson Jost               0  0  0   0  0   0  0  0  0  0  0/0     4:22   0:00   0:00 
Valeri Nichushkin        0  0  0   0  0   0  2  0  0  0  0/0     9:17   0:00   0:00 

Players Stats for MapleLeafs

Player Name              G  A  P  +/- PIM S  H  SB GA TA FO     MP     PP MP  PK MP  
------------------------------------------------------------------------------------
Anton Stralman           0  0  0  -1  0   1  1  1  0  0  0/0    22:08   2:40   5:10 
Cody Ceci                0  0  0   0  0   1  4  3  0  0  0/0    19:38   0:00   4:32 
Derrick Pouliot          0  0  0  -2  4   0  6  1  0  0  0/0    16:13   0:00   0:00 
Dustin Brown             0  0  0  -1  0   2  5  1  0  0  0/4    19:29   2:39   3:20 
Jack Hughes              0  1  1   0  0   0  0  0  0  0  0/0     9:27   0:00   0:00 
Jay Beagle               0  0  0   0  0   2  0  0  0  0  5/14   10:52   0:00   0:00 
Joel Edmundson           0  0  0  -1  0   0  5  0  0  0  0/0    20:49   3:17   3:59 
Kyle Okposo              0  0  0  -2  2   2  1  0  0  0  0/0    14:22   3:18   0:00 
Leo Komarov              1  0  1   0  2   3  4  0  0  0  0/0     9:26   0:00   0:00 
Matt Duchene             0  0  0  -2  0   4  0  0  0  0  12/22  20:12   3:18   5:49 
Mike Matheson            0  1  1   0  2   1  2  0  0  0  0/0    18:15   3:17   0:38 
Ondrej Palat             0  0  0  -2  2   2  0  0  0  0  0/1    14:22   3:18   0:00 
Roope Hintz              0  0  0   0  0   3  0  1  0  0  1/1    10:52   0:00   0:00 
Ryan Murray              0  0  0  -2  0   1  0  3  0  0  0/0    22:54   2:40   3:59 
Samuel Blais             0  0  0   0  0   0  0  0  0  0  0/1    10:52   0:00   0:00 
Sebastian Aho            0  0  0  -1  0   4  1  0  0  0  19/36  21:58   2:39   5:49 
Tomas Jurco              0  0  0   0  0   0  0  0  0  0  5/15    9:27   0:00   0:00 
Tyler Johnson            0  0  0  -1  0   3  2  0  0  0  2/2    19:29   2:39   3:20 

3 Stars

1 - Patrick Kane (MTL)
2 - Josh Morrissey (MTL)
3 - Jakob Silfverberg (MTL)

Power Play

Canadiens - 2 on 6 Attempt(s) - 33,33%
MapleLeafs - 0 on 3 Attempt(s) - 0,00%

Penalty Kill

Canadiens - 3 on 3 Attempt(s) - 100,00% - Score 0 goal in Penalty Kill
MapleLeafs - 4 on 6 Attempt(s) - 66,67% - Score 0 goal in Penalty Kill

Team Stat

Canadiens - Hits : 22 - Faceoff Wins : 52 - Blocked Shots : 11 - Penalty Minutes : 6
MapleLeafs - Hits : 31 - Faceoff Wins : 44 - Blocked Shots : 10 - Penalty Minutes : 12

Official

Referees : Francis Charron and Peter MacDougall
Linesman : Scott Cherrey and Jesse Marquis

Game Notes

Braden Holtby enters game at 6:30 of 2nd period

Finance

Level 1 -- Attendance: 6500 (100,00%) -- Ticket Income 793 000 $
Level 2 -- Attendance: 3560 (71,20%) -- Ticket Income 427 200 $
Level 3 -- Attendance: 2508 (71,66%) -- Ticket Income 200 640 $
Level 4 -- Attendance: 1919 (68,07%) -- Ticket Income 115 140 $
Luxury Box -- Attendance: 927 (92,70%) -- Ticket Income 222 480 $
Game was played at the Air Canada Center.
Total Attendance: 15414 (81,91%)
Total Ticket Income: 1 758 460 $
Other Income: 861 645 $
Total Income: 2 620 105 $

% Time on Ice - Canadiens

Lines # - Real PCT - Wanted PCT - Time Play
Normal Forward
1 - 37% - 35% - 16:25
2 - 33% - 35% - 14:50
3 - 21% - 20% - 9:17
4 - 10% - 10% - 4:22
Normal Defense
1 - 39% - 38% - 17:20
2 - 37% - 37% - 16:37
3 - 16% - 15% - 7:14
4 - 8% - 10% - 3:43
PP Forward
1 - 40% - 50% - 3:39
2 - 60% - 50% - 5:30
PP Defense
1 - 42% - 50% - 3:53
2 - 58% - 50% - 5:16
PK Forward
1 - 66% - 60% - 3:54
2 - 34% - 40% - 2:03
PK Defense
1 - 52% - 50% - 3:06
2 - 48% - 50% - 2:51
PK3 Forward
1 - 0% - 60%
2 - 0% - 40%
PK3 Defense
1 - 0% - 50%
2 - 0% - 50%
44 Forward
1 - 0% - 60%
2 - 0% - 40%
44 Defense
1 - 0% - 50%
2 - 0% - 50%
Last Minute Offensive  - 0:00
Last Minute Defensive  - 0:00
Total
Forward - 60:00
Defense - 60:00

% Time on Ice - MapleLeafs

Lines # - Real PCT - Wanted PCT - Time Play
Normal Forward
1 - 30% - 35% - 13:30
2 - 25% - 33% - 11:05
3 - 24% - 20% - 10:52
4 - 21% - 12% - 9:27
Normal Defense
1 - 32% - 35% - 14:21
2 - 32% - 33% - 14:18
3 - 36% - 32% - 16:15
4 - 0% - 0% - 0:00
PP Forward
1 - 45% - 52% - 2:39
2 - 55% - 48% - 3:18
PP Defense
1 - 55% - 52% - 3:17
2 - 45% - 48% - 2:40
PK Forward
1 - 64% - 56% - 5:49
2 - 36% - 44% - 3:20
PK Defense
1 - 56% - 56% - 5:10
2 - 44% - 44% - 3:59
PK3 Forward
1 - 0% - 50%
2 - 0% - 50%
PK3 Defense
1 - 0% - 50%
2 - 0% - 50%
44 Forward
1 - 0% - 60%
2 - 0% - 40%
44 Defense
1 - 0% - 60%
2 - 0% - 40%
Last Minute Offensive  - 0:00
Last Minute Defensive  - 0:00
Total
Forward - 60:00
Defense - 60:00

Play-by-Play

1st period


0:01 of 1st period - Sebastian Aho wins face-off versus Auston Matthews in neutral zone.
0:20 of 1st period - Shot by Sebastian Aho.
0:20 of 1st period - Shot Misses the Net.
0:22 of 1st period - Shot by Mike Matheson.
0:22 of 1st period - Stopped by Tuukka Rask without a rebound.
0:23 of 1st period - David Krejci wins face-off versus Matt Duchene in Canadiens zone.
0:23 of 1st period - David Krejci is hit by Kyle Okposo.
0:55 of 1st period - Ondrej Palat is hit by Nate Schmidt and loses puck.
1:35 of 1st period - Shot by Roope Hintz.
1:35 of 1st period - Stopped by Tuukka Rask without a rebound.
1:36 of 1st period - Auston Matthews wins face-off versus Tomas Jurco in Canadiens zone.
1:36 of 1st period - Auston Matthews is hit by Leo Komarov.
1:45 of 1st period - Ivan Provorov is hit by Mike Matheson and loses puck.
1:50 of 1st period - Shot by Patrick Kane.
1:50 of 1st period - Shot Blocked by Cody Ceci.
2:04 of 1st period - Shot by Patrick Kane.
2:04 of 1st period - Stopped by Jimmy Howard without a rebound.
2:04 of 1st period - Minor Penalty to Mike Matheson for Hooking.
2:05 of 1st period - David Krejci wins face-off versus Sebastian Aho in MapleLeafs zone.
2:05 of 1st period - David Krejci is hit by Joel Edmundson.
2:12 of 1st period - Ilya Kovalchuk is hit by Joel Edmundson.
2:32 of 1st period - Shot by Josh Morrissey.
2:32 of 1st period - Goal by Josh Morrissey - Canadiens : 1 - MapleLeafs : 0.
2:33 of 1st period - Jay Beagle wins face-off versus Nick Shore in neutral zone.
3:06 of 1st period - Shot by Jay Beagle.
3:06 of 1st period - Stopped by Tuukka Rask without a rebound.
3:07 of 1st period - Patrick Kane wins face-off versus Sebastian Aho in Canadiens zone.
3:07 of 1st period - Patrick Kane is hit by Dustin Brown.
3:12 of 1st period - Travis Sanheim is hit by Derrick Pouliot and loses puck.
3:22 of 1st period - Minor Penalty to Derrick Pouliot for Holding.
3:23 of 1st period - David Krejci wins face-off versus Sebastian Aho in MapleLeafs zone.
3:26 of 1st period - Shot by Josh Morrissey.
3:26 of 1st period - Stopped by Jimmy Howard without a rebound.
3:27 of 1st period - Auston Matthews wins face-off versus Dustin Brown in MapleLeafs zone.
4:27 of 1st period - Icing by Josh Morrissey.
4:28 of 1st period - David Krejci wins face-off versus Dustin Brown in Canadiens zone.
4:28 of 1st period - David Krejci is hit by Dustin Brown.
5:38 of 1st period - Icing by Ryan Murray.
5:39 of 1st period - Auston Matthews wins face-off versus Jay Beagle in MapleLeafs zone.
5:46 of 1st period - Shot by Auston Matthews.
5:46 of 1st period - Shot Misses the Net.
6:08 of 1st period - Shot by Auston Matthews.
6:08 of 1st period - Shot Blocked by Roope Hintz.
6:43 of 1st period - Shot by Cam Fowler.
6:43 of 1st period - Stopped by Jimmy Howard without a rebound.
6:44 of 1st period - Sebastian Aho wins face-off versus Nick Shore in MapleLeafs zone.
7:07 of 1st period - Shot by Sebastian Aho.
7:07 of 1st period - Shot Blocked by Danny DeKeyser.
7:11 of 1st period - Shot by Tyler Johnson.
7:11 of 1st period - Shot Blocked by Josh Morrissey.
7:13 of 1st period - Shot by Anton Stralman.
7:13 of 1st period - Stopped by Tuukka Rask with a rebound.
7:35 of 1st period - Icing by Cam Fowler.
7:36 of 1st period - Matt Duchene wins face-off versus David Krejci in Canadiens zone.
8:04 of 1st period - David Krejci is hit by Cody Ceci and loses puck.
8:13 of 1st period - Shot by Ilya Kovalchuk.
8:13 of 1st period - Stopped by Jimmy Howard without a rebound.
8:14 of 1st period - Tomas Jurco wins face-off versus Patrick Kane in MapleLeafs zone.
8:21 of 1st period - Shot by Auston Matthews.
8:21 of 1st period - Shot Misses the Net.
8:54 of 1st period - Teuvo Teravainen is hit by Dustin Brown and loses puck.
9:03 of 1st period - Shot by Sebastian Aho.
9:03 of 1st period - Shot Misses the Net.
9:05 of 1st period - Shot by Sebastian Aho.
9:05 of 1st period - Stopped by Tuukka Rask with a rebound.
9:26 of 1st period - Josh Morrissey is hit by Sebastian Aho and loses puck.
9:37 of 1st period - Shot by Artturi Lehkonen.
9:37 of 1st period - Shot Misses the Net.
9:39 of 1st period - Shot by Danny DeKeyser.
9:39 of 1st period - Shot Misses the Net.
9:41 of 1st period - Shot by Valeri Nichushkin.
9:41 of 1st period - Shot Blocked by Ryan Murray.
10:05 of 1st period - Shot by Ivan Provorov.
10:05 of 1st period - Shot Misses the Net.
10:07 of 1st period - Shot by Jakob Silfverberg.
10:07 of 1st period - Goal by Jakob Silfverberg - Canadiens : 2 - MapleLeafs : 0.
10:08 of 1st period - David Krejci wins face-off versus Matt Duchene in neutral zone.
10:10 of 1st period - Off-side.
10:11 of 1st period - David Krejci wins face-off versus Matt Duchene in neutral zone.
10:36 of 1st period - Shot by Jakob Silfverberg.
10:36 of 1st period - Stopped by Jimmy Howard with a rebound.
10:56 of 1st period - Icing by Jakob Silfverberg.
10:57 of 1st period - Jakob Silfverberg wins face-off versus Tomas Jurco in Canadiens zone.
11:13 of 1st period - Leo Komarov is hit by Auston Matthews and loses puck.
11:18 of 1st period - Shot by Patrick Kane.
11:18 of 1st period - Goal by Patrick Kane - Canadiens : 3 - MapleLeafs : 0.
11:19 of 1st period - Jay Beagle wins face-off versus Colin White in neutral zone.
11:19 of 1st period - Jay Beagle is hit by Valeri Nichushkin.
11:51 of 1st period - Colin White is hit by Joel Edmundson.
11:58 of 1st period - Colin White is hit by Joel Edmundson and loses puck.
12:06 of 1st period - Icing by Anton Stralman.
12:07 of 1st period - Auston Matthews wins face-off versus Jay Beagle in MapleLeafs zone.
12:07 of 1st period - Teuvo Teravainen is hit by Joel Edmundson and loses puck.
12:14 of 1st period - Shot by Auston Matthews.
12:14 of 1st period - Shot Misses the Net.
13:18 of 1st period - Shot by Ondrej Palat.
13:18 of 1st period - Shot Blocked by Ivan Provorov.
13:20 of 1st period - Shot by Kyle Okposo.
13:20 of 1st period - Shot Hit the Post.
13:22 of 1st period - Shot by Ondrej Palat.
13:22 of 1st period - Stopped by Tuukka Rask without a rebound.
13:23 of 1st period - Colin White wins face-off versus Dustin Brown in Canadiens zone.
13:49 of 1st period - Shot by Colin White.
13:49 of 1st period - Shot Blocked by Ryan Murray.
13:51 of 1st period - Shot by Colin White.
13:51 of 1st period - Shot Blocked by Ryan Murray.
13:54 of 1st period - Icing by Ryan Murray.
13:55 of 1st period - Sebastian Aho wins face-off versus David Krejci in MapleLeafs zone.
14:00 of 1st period - Ivan Provorov is hit by Tyler Johnson and loses puck.
14:15 of 1st period - Shot by David Krejci.
14:15 of 1st period - Stopped by Jimmy Howard without a rebound.
14:16 of 1st period - Nick Shore wins face-off versus Matt Duchene in MapleLeafs zone.
15:13 of 1st period - Minor Penalty to David Krejci for Boarding.
15:14 of 1st period - Sebastian Aho wins face-off versus Artturi Lehkonen in Canadiens zone.
15:25 of 1st period - Shot by Sebastian Aho.
15:25 of 1st period - Shot Blocked by Danny DeKeyser.
15:27 of 1st period - Shot by Anton Stralman.
15:27 of 1st period - Shot Misses the Net.
15:31 of 1st period - Shot by Dustin Brown.
15:31 of 1st period - Stopped by Tuukka Rask without a rebound.
15:32 of 1st period - Nick Shore wins face-off versus Sebastian Aho in Canadiens zone.
15:56 of 1st period - Off-side.
15:57 of 1st period - Matt Duchene wins face-off versus Nick Shore in neutral zone.
16:25 of 1st period - Icing by Ryan Murray.
16:26 of 1st period - Nick Shore wins face-off versus Matt Duchene in MapleLeafs zone.
17:14 of 1st period - Shot by Leo Komarov.
17:14 of 1st period - Stopped by Tuukka Rask with a rebound.
17:16 of 1st period - Shot by Jack Hughes.
17:16 of 1st period - Shot Misses the Net.
17:24 of 1st period - Shot by Mike Matheson.
17:24 of 1st period - Shot Blocked by Nate Schmidt.
18:17 of 1st period - Icing by Anton Stralman.
18:18 of 1st period - Auston Matthews wins face-off versus Jay Beagle in MapleLeafs zone.
18:18 of 1st period - Ivan Provorov is hit by Anton Stralman and loses puck.
18:29 of 1st period - Icing by Cam Fowler.
18:30 of 1st period - Auston Matthews wins face-off versus Sebastian Aho in Canadiens zone.
18:30 of 1st period - Auston Matthews is hit by Dustin Brown.
18:35 of 1st period - Off-side.
18:36 of 1st period - Sebastian Aho wins face-off versus Auston Matthews in neutral zone.
18:52 of 1st period - Shot by Sebastian Aho.
18:52 of 1st period - Shot Misses the Net.
19:26 of 1st period - Shot by Matt Duchene.
19:26 of 1st period - Shot Blocked by Cam Fowler.
19:28 of 1st period - Shot by Kyle Okposo.
19:28 of 1st period - Shot Blocked by Cam Fowler.
19:30 of 1st period - Shot by Matt Duchene.
19:30 of 1st period - Stopped by Tuukka Rask without a rebound.
19:31 of 1st period - David Krejci wins face-off versus Tomas Jurco in Canadiens zone.
19:31 of 1st period - Josh Morrissey is hit by Leo Komarov and loses puck.
19:51 of 1st period - Leo Komarov is hit by Danny DeKeyser.
Goals for this period are 3 for Canadiens vs 0 for MapleLeafs.
Shots for this period are 9 for Canadiens vs 9 for MapleLeafs.

2nd period


0:01 of 2nd period - Matt Duchene wins face-off versus David Krejci in neutral zone.
0:19 of 2nd period - Icing by Cam Fowler.
0:20 of 2nd period - Sebastian Aho wins face-off versus Jakob Silfverberg in Canadiens zone.
0:41 of 2nd period - Shot by Jakob Silfverberg.
0:41 of 2nd period - Stopped by Jimmy Howard without a rebound.
0:42 of 2nd period - Matt Duchene wins face-off versus Auston Matthews in MapleLeafs zone.
1:11 of 2nd period - Off-side.
1:12 of 2nd period - Colin White wins face-off versus Sebastian Aho in neutral zone.
1:12 of 2nd period - Colin White is hit by Dustin Brown.
1:30 of 2nd period - Shot by Valeri Nichushkin.
1:30 of 2nd period - Shot Blocked by Derrick Pouliot.
1:36 of 2nd period - Shot by Sebastian Aho.
1:36 of 2nd period - Stopped by Tuukka Rask without a rebound.
1:37 of 2nd period - David Krejci wins face-off versus Jay Beagle in Canadiens zone.
1:57 of 2nd period - Shot by Jakob Silfverberg.
1:57 of 2nd period - Stopped by Jimmy Howard without a rebound.
1:58 of 2nd period - Auston Matthews wins face-off versus Ondrej Palat in MapleLeafs zone.
1:58 of 2nd period - Nate Schmidt is hit by Mike Matheson and loses puck.
2:17 of 2nd period - Shot by Kyle Okposo.
2:17 of 2nd period - Stopped by Tuukka Rask without a rebound.
2:18 of 2nd period - Sebastian Aho wins face-off versus David Krejci in Canadiens zone.
2:23 of 2nd period - Shot by Sebastian Aho.
2:23 of 2nd period - Shot Misses the Net.
2:25 of 2nd period - Shot by Derrick Pouliot.
2:25 of 2nd period - Shot Misses the Net.
2:27 of 2nd period - Shot by Ryan Murray.
2:27 of 2nd period - Stopped by Tuukka Rask without a rebound.
2:28 of 2nd period - Matt Duchene wins face-off versus Auston Matthews in Canadiens zone.
2:29 of 2nd period - Shot by Kyle Okposo.
2:29 of 2nd period - Shot Blocked by Nate Schmidt.
2:58 of 2nd period - Icing by Nate Schmidt.
2:59 of 2nd period - Sebastian Aho wins face-off versus Teuvo Teravainen in Canadiens zone.
3:08 of 2nd period - Shot by Sebastian Aho.
3:08 of 2nd period - Stopped by Tuukka Rask without a rebound.
3:09 of 2nd period - David Krejci wins face-off versus Jay Beagle in Canadiens zone.
3:46 of 2nd period - Shot by Roope Hintz.
3:46 of 2nd period - Stopped by Tuukka Rask without a rebound.
3:47 of 2nd period - Colin White wins face-off versus Sebastian Aho in Canadiens zone.
3:49 of 2nd period - Icing by Nate Schmidt.
3:50 of 2nd period - Colin White wins face-off versus Sebastian Aho in Canadiens zone.
3:50 of 2nd period - Colin White is hit by Tyler Johnson.
4:16 of 2nd period - Shot by Sebastian Aho.
4:16 of 2nd period - Deflect By Dustin Brown.
4:16 of 2nd period - Stopped by Tuukka Rask with a rebound.
4:23 of 2nd period - Colin White is hit by Cody Ceci.
5:17 of 2nd period - Matt Duchene is hit by Auston Matthews and loses puck.
5:33 of 2nd period - Icing by Ivan Provorov.
5:34 of 2nd period - Tomas Jurco wins face-off versus Auston Matthews in Canadiens zone.
5:45 of 2nd period - Minor Penalty to Leo Komarov for Roughing.
5:46 of 2nd period - Sebastian Aho wins face-off versus David Krejci in MapleLeafs zone.
5:59 of 2nd period - Shot by Matt Duchene.
5:59 of 2nd period - Shot Misses the Net.
6:01 of 2nd period - Shot by Sebastian Aho.
6:01 of 2nd period - Deflect By Matt Duchene.
6:01 of 2nd period - Stopped by Tuukka Rask without a rebound.
6:02 of 2nd period - David Krejci wins face-off versus Sebastian Aho in Canadiens zone.
6:26 of 2nd period - Shot by Jakob Silfverberg.
6:26 of 2nd period - Shot Misses the Net.
6:28 of 2nd period - Shot by Josh Morrissey.
6:28 of 2nd period - Stopped by Jimmy Howard with a rebound.
6:30 of 2nd period - Shot by Nate Schmidt.
6:30 of 2nd period - Goal by Nate Schmidt - Canadiens : 4 - MapleLeafs : 0.
6:30 of 2nd period - Braden Holtby enters game.
6:31 of 2nd period - Tomas Jurco wins face-off versus Artturi Lehkonen in neutral zone.
6:49 of 2nd period - Ivan Provorov is hit by Derrick Pouliot.
7:37 of 2nd period - Shot by Auston Matthews.
7:37 of 2nd period - Shot Misses the Net.
7:39 of 2nd period - Shot by Danny DeKeyser.
7:39 of 2nd period - Shot Misses the Net.
7:41 of 2nd period - Shot by Teuvo Teravainen.
7:41 of 2nd period - Stopped by Braden Holtby without a rebound.
7:42 of 2nd period - Sebastian Aho wins face-off versus David Krejci in MapleLeafs zone.
7:48 of 2nd period - Icing by Nate Schmidt.
7:49 of 2nd period - Sebastian Aho wins face-off versus David Krejci in Canadiens zone.
7:50 of 2nd period - Shot by Tyler Johnson.
7:50 of 2nd period - Shot Misses the Net.
8:06 of 2nd period - Shot by Jakob Silfverberg.
8:06 of 2nd period - Shot Blocked by Anton Stralman.
8:08 of 2nd period - Shot by Jakob Silfverberg.
8:08 of 2nd period - Shot Hit the Post.
9:00 of 2nd period - Shot by Patrick Kane.
9:00 of 2nd period - Stopped by Braden Holtby with a rebound.
9:02 of 2nd period - Shot by Josh Morrissey.
9:02 of 2nd period - Goal by Josh Morrissey - Canadiens : 5 - MapleLeafs : 0.
9:03 of 2nd period - Colin White wins face-off versus Samuel Blais in neutral zone.
9:09 of 2nd period - Valeri Nichushkin is hit by Cody Ceci and loses puck.
9:12 of 2nd period - Shot by Ivan Provorov.
9:12 of 2nd period - Stopped by Braden Holtby without a rebound.
9:13 of 2nd period - Nick Shore wins face-off versus Tomas Jurco in MapleLeafs zone.
9:47 of 2nd period - Off-side.
9:48 of 2nd period - Matt Duchene wins face-off versus David Krejci in neutral zone.
9:52 of 2nd period - Minor Penalty to Ondrej Palat for Interference.
9:53 of 2nd period - Sebastian Aho wins face-off versus Auston Matthews in MapleLeafs zone.
10:18 of 2nd period - Shot by Nate Schmidt.
10:18 of 2nd period - Stopped by Braden Holtby without a rebound.
10:19 of 2nd period - David Krejci wins face-off versus Sebastian Aho in MapleLeafs zone.
10:45 of 2nd period - Cody Ceci is hit by Ilya Kovalchuk and loses puck.
10:54 of 2nd period - Shot by Ivan Provorov.
10:54 of 2nd period - Shot Misses the Net.
10:56 of 2nd period - Shot by Cam Fowler.
10:56 of 2nd period - Stopped by Braden Holtby with a rebound.
10:58 of 2nd period - Shot by Cam Fowler.
10:58 of 2nd period - Shot Blocked by Cody Ceci.
11:00 of 2nd period - Shot by Cam Fowler.
11:00 of 2nd period - Stopped by Braden Holtby with a rebound.
11:32 of 2nd period - Shot by Patrick Kane.
11:32 of 2nd period - Stopped by Braden Holtby without a rebound.
11:33 of 2nd period - Sebastian Aho wins face-off versus Auston Matthews in MapleLeafs zone.
11:33 of 2nd period - Sebastian Aho is hit by Patrick Kane.
12:00 of 2nd period - Minor Penalty to Colin White for Roughing.
12:01 of 2nd period - Matt Duchene wins face-off versus Nick Shore in Canadiens zone.
12:01 of 2nd period - Kyle Okposo is hit by Danny DeKeyser and loses puck.
13:07 of 2nd period - Icing by Anton Stralman.
13:08 of 2nd period - Sebastian Aho wins face-off versus Artturi Lehkonen in MapleLeafs zone.
13:25 of 2nd period - Sebastian Aho is hit by Danny DeKeyser and loses puck.
13:37 of 2nd period - Icing by Joel Edmundson.
13:38 of 2nd period - Nick Shore wins face-off versus Matt Duchene in MapleLeafs zone.
14:00 of 2nd period - Off-side.
14:01 of 2nd period - Jay Beagle wins face-off versus Auston Matthews in neutral zone.
14:12 of 2nd period - Jay Beagle is hit by Auston Matthews and loses puck.
14:16 of 2nd period - Roope Hintz is hit by Patrick Kane and loses puck.
14:25 of 2nd period - Shot by Auston Matthews.
14:25 of 2nd period - Shot Misses the Net.
14:59 of 2nd period - Icing by Mike Matheson.
15:00 of 2nd period - Tomas Jurco wins face-off versus Jakob Silfverberg in MapleLeafs zone.
15:00 of 2nd period - Tomas Jurco is hit by Jakob Silfverberg.
15:18 of 2nd period - Shot by Jakob Silfverberg.
15:18 of 2nd period - Shot Misses the Net.
15:19 of 2nd period - Minor Penalty to David Krejci for Hooking.
15:20 of 2nd period - Nick Shore wins face-off versus Sebastian Aho in Canadiens zone.
15:25 of 2nd period - Anton Stralman is hit by Loui Eriksson and loses puck.
16:07 of 2nd period - Icing by Joel Edmundson.
16:08 of 2nd period - Matt Duchene wins face-off versus Artturi Lehkonen in MapleLeafs zone.
16:10 of 2nd period - Mike Matheson is hit by Jakob Silfverberg and loses puck.
16:57 of 2nd period - Icing by Ondrej Palat.
16:58 of 2nd period - Matt Duchene wins face-off versus Artturi Lehkonen in MapleLeafs zone.
16:58 of 2nd period - Matt Duchene is hit by Artturi Lehkonen.
17:46 of 2nd period - Off-side.
17:47 of 2nd period - David Krejci wins face-off versus Sebastian Aho in neutral zone.
17:56 of 2nd period - Shot by Sebastian Aho.
17:56 of 2nd period - Shot Blocked by Ivan Provorov.
18:42 of 2nd period - Icing by Derrick Pouliot.
18:43 of 2nd period - Auston Matthews wins face-off versus Tomas Jurco in MapleLeafs zone.
18:43 of 2nd period - Teuvo Teravainen is hit by Derrick Pouliot.
19:13 of 2nd period - Icing by Leo Komarov.
19:14 of 2nd period - Tomas Jurco wins face-off versus Artturi Lehkonen in MapleLeafs zone.
19:31 of 2nd period - Derrick Pouliot is hit by Valeri Nichushkin and loses puck.
19:36 of 2nd period - Valeri Nichushkin is hit by Leo Komarov and loses puck.
Goals for this period are 2 for Canadiens vs 0 for MapleLeafs.
Shots for this period are 12 for Canadiens vs 7 for MapleLeafs.

3rd period


0:01 of 3rd period - David Krejci wins face-off versus Matt Duchene in neutral zone.
0:19 of 3rd period - Shot by Jakob Silfverberg.
0:19 of 3rd period - Stopped by Braden Holtby with a rebound.
0:21 of 3rd period - Shot by Jakob Silfverberg.
0:21 of 3rd period - Shot Blocked by Cody Ceci.
0:27 of 3rd period - Shot by Jakob Silfverberg.
0:27 of 3rd period - Stopped by Braden Holtby without a rebound.
0:28 of 3rd period - Auston Matthews wins face-off versus Sebastian Aho in MapleLeafs zone.
0:53 of 3rd period - Shot by Tyler Johnson.
0:53 of 3rd period - Stopped by Tuukka Rask without a rebound.
0:54 of 3rd period - Jay Beagle wins face-off versus David Krejci in Canadiens zone.
1:02 of 3rd period - Icing by David Krejci.
1:03 of 3rd period - Jakob Silfverberg wins face-off versus Matt Duchene in Canadiens zone.
2:20 of 3rd period - Icing by Nate Schmidt.
2:21 of 3rd period - David Krejci wins face-off versus Jay Beagle in Canadiens zone.
2:39 of 3rd period - Roope Hintz is hit by Ivan Provorov.
3:16 of 3rd period - Jack Hughes is hit by Teuvo Teravainen and loses puck.
3:27 of 3rd period - Shot by Jack Hughes.
3:27 of 3rd period - Shot Blocked by Cam Fowler.
3:29 of 3rd period - Shot by Leo Komarov.
3:29 of 3rd period - Goal by Leo Komarov - Canadiens : 5 - MapleLeafs : 1.
3:30 of 3rd period - Colin White wins face-off versus Matt Duchene in neutral zone.
3:50 of 3rd period - Shot by Joel Edmundson.
3:50 of 3rd period - Deflect By Matt Duchene.
3:50 of 3rd period - Shot Misses the Net.
4:08 of 3rd period - Shot by Valeri Nichushkin.
4:08 of 3rd period - Shot Misses the Net.
4:10 of 3rd period - Shot by Artturi Lehkonen.
4:10 of 3rd period - Stopped by Braden Holtby without a rebound.
4:11 of 3rd period - Nick Shore wins face-off versus Sebastian Aho in MapleLeafs zone.
4:23 of 3rd period - Shot by Sebastian Aho.
4:23 of 3rd period - Shot Misses the Net.
4:25 of 3rd period - Shot by Tyler Johnson.
4:25 of 3rd period - Stopped by Tuukka Rask without a rebound.
4:26 of 3rd period - Jay Beagle wins face-off versus Auston Matthews in Canadiens zone.
4:43 of 3rd period - Patrick Kane is hit by Derrick Pouliot and loses puck.
4:45 of 3rd period - Minor Penalty to Derrick Pouliot for Hooking.
4:46 of 3rd period - David Krejci wins face-off versus Sebastian Aho in MapleLeafs zone.
4:53 of 3rd period - Shot by Nate Schmidt.
4:53 of 3rd period - Stopped by Braden Holtby without a rebound.
4:54 of 3rd period - David Krejci wins face-off versus Sebastian Aho in MapleLeafs zone.
4:54 of 3rd period - Cam Fowler is hit by Cody Ceci and loses puck.
5:09 of 3rd period - Shot by Matt Duchene.
5:09 of 3rd period - Stopped by Tuukka Rask with a rebound.
5:11 of 3rd period - Shot by Cody Ceci.
5:11 of 3rd period - Stopped by Tuukka Rask without a rebound.
5:12 of 3rd period - Sebastian Aho wins face-off versus Auston Matthews in Canadiens zone.
5:13 of 3rd period - Shot by Matt Duchene.
5:13 of 3rd period - Stopped by Tuukka Rask without a rebound.
5:14 of 3rd period - Sebastian Aho wins face-off versus Auston Matthews in Canadiens zone.
5:31 of 3rd period - Shot by Ivan Provorov.
5:31 of 3rd period - Stopped by Braden Holtby without a rebound.
5:32 of 3rd period - Sebastian Aho wins face-off versus Jakob Silfverberg in MapleLeafs zone.
5:55 of 3rd period - Shot by Ilya Kovalchuk.
5:55 of 3rd period - Shot Misses the Net.
6:48 of 3rd period - Auston Matthews is hit by Derrick Pouliot and loses puck.
6:58 of 3rd period - Icing by Derrick Pouliot.
6:59 of 3rd period - Nick Shore wins face-off versus Jay Beagle in MapleLeafs zone.
7:13 of 3rd period - Tyson Jost is hit by Derrick Pouliot and loses puck.
7:34 of 3rd period - Icing by Roope Hintz.
7:35 of 3rd period - David Krejci wins face-off versus Jay Beagle in MapleLeafs zone.
8:14 of 3rd period - Shot by David Krejci.
8:14 of 3rd period - Shot Blocked by Dustin Brown.
8:44 of 3rd period - Shot by Teuvo Teravainen.
8:44 of 3rd period - Goal by Teuvo Teravainen - Canadiens : 6 - MapleLeafs : 1.
8:45 of 3rd period - Colin White wins face-off versus Tomas Jurco in neutral zone.
8:48 of 3rd period - Shot by Valeri Nichushkin.
8:48 of 3rd period - Shot Misses the Net.
9:04 of 3rd period - Artturi Lehkonen is hit by Leo Komarov and loses puck.
9:44 of 3rd period - Minor Penalty to Kyle Okposo for Holding.
9:45 of 3rd period - Sebastian Aho wins face-off versus David Krejci in MapleLeafs zone.
10:16 of 3rd period - Cody Ceci is hit by Ilya Kovalchuk and loses puck.
10:28 of 3rd period - Off-side.
10:29 of 3rd period - Matt Duchene wins face-off versus Teuvo Teravainen in neutral zone.
11:32 of 3rd period - Shot by Ivan Provorov.
11:32 of 3rd period - Stopped by Braden Holtby without a rebound.
11:33 of 3rd period - David Krejci wins face-off versus Dustin Brown in MapleLeafs zone.
12:00 of 3rd period - Shot by Artturi Lehkonen.
12:00 of 3rd period - Stopped by Braden Holtby without a rebound.
12:01 of 3rd period - Loui Eriksson wins face-off versus Tomas Jurco in MapleLeafs zone.
12:04 of 3rd period - Shot by Nick Shore.
12:04 of 3rd period - Stopped by Braden Holtby with a rebound.
12:30 of 3rd period - Shot by Leo Komarov.
12:30 of 3rd period - Stopped by Tuukka Rask without a rebound.
12:31 of 3rd period - Sebastian Aho wins face-off versus David Krejci in Canadiens zone.
12:43 of 3rd period - Icing by Cam Fowler.
12:44 of 3rd period - Matt Duchene wins face-off versus David Krejci in Canadiens zone.
12:44 of 3rd period - Matt Duchene is hit by Cam Fowler.
12:54 of 3rd period - Shot by Kyle Okposo.
12:54 of 3rd period - Stopped by Tuukka Rask with a rebound.
13:13 of 3rd period - Shot by Ondrej Palat.
13:13 of 3rd period - Stopped by Tuukka Rask without a rebound.
13:14 of 3rd period - Tyler Johnson wins face-off versus Auston Matthews in Canadiens zone.
13:17 of 3rd period - Shot by Dustin Brown.
13:17 of 3rd period - Deflect By Sebastian Aho.
13:17 of 3rd period - Shot Misses the Net.
13:23 of 3rd period - Shot by Dustin Brown.
13:23 of 3rd period - Shot Misses the Net.
13:25 of 3rd period - Shot by Tyler Johnson.
13:25 of 3rd period - Stopped by Tuukka Rask without a rebound.
13:26 of 3rd period - Roope Hintz wins face-off versus Artturi Lehkonen in Canadiens zone.
13:29 of 3rd period - Shot by Jay Beagle.
13:29 of 3rd period - Stopped by Tuukka Rask without a rebound.
13:30 of 3rd period - Auston Matthews wins face-off versus Sebastian Aho in Canadiens zone.
13:47 of 3rd period - Shot by Sebastian Aho.
13:47 of 3rd period - Stopped by Tuukka Rask with a rebound.
14:54 of 3rd period - Shot by Jakob Silfverberg.
14:54 of 3rd period - Shot Misses the Net.
15:11 of 3rd period - Icing by Joel Edmundson.
15:12 of 3rd period - Tyler Johnson wins face-off versus Colin White in MapleLeafs zone.
15:33 of 3rd period - Shot by Danny DeKeyser.
15:33 of 3rd period - Stopped by Braden Holtby without a rebound.
15:34 of 3rd period - Auston Matthews wins face-off versus Jay Beagle in MapleLeafs zone.
16:05 of 3rd period - Shot by Roope Hintz.
16:05 of 3rd period - Shot Blocked by Travis Sanheim.
16:07 of 3rd period - Shot by Roope Hintz.
16:07 of 3rd period - Stopped by Tuukka Rask without a rebound.
16:08 of 3rd period - Matt Duchene wins face-off versus David Krejci in Canadiens zone.
16:23 of 3rd period - Shot by David Krejci.
16:23 of 3rd period - Deflect By Jakob Silfverberg.
16:23 of 3rd period - Stopped by Braden Holtby without a rebound.
16:24 of 3rd period - Colin White wins face-off versus Tomas Jurco in MapleLeafs zone.
16:34 of 3rd period - Off-side.
16:35 of 3rd period - David Krejci wins face-off versus Matt Duchene in neutral zone.
18:34 of 3rd period - Joel Edmundson is hit by Patrick Kane and loses puck.
18:54 of 3rd period - Icing by Ivan Provorov.
18:55 of 3rd period - Auston Matthews wins face-off versus Tomas Jurco in Canadiens zone.
19:06 of 3rd period - Leo Komarov is hit by Auston Matthews and loses puck.
19:17 of 3rd period - Icing by Derrick Pouliot.
19:18 of 3rd period - Colin White wins face-off versus Tomas Jurco in MapleLeafs zone.
19:35 of 3rd period - Shot by Derrick Pouliot.
19:35 of 3rd period - Shot Misses the Net.
Goals for this period are 1 for Canadiens vs 1 for MapleLeafs.
Shots for this period are 11 for Canadiens vs 13 for MapleLeafs.